 Dungeon Crawl Stone Soup version 0.21.1-1-g345015f (webtiles) character file.

46 shakethe the Grave Robber (level 3, -3/26 HPs)
             Began as a Demonspawn Necromancer on Feb 19, 2018.
             Slain by Grinder (10 damage)
             ... on level 2 of the Dungeon.
             The game lasted 00:05:43 (2117 turns).

shakethe the Grave Robber (Demonspawn Necromancer)  Turns: 2117, Time: 00:05:44

Health: -3/26      AC:  6    Str:  8      XL:     3   Next: 46%
Magic:  0/6        EV: 12    Int: 14 (17) God:
Gold:   130        SH:  0    Dex: 10 (13) Spells: 6/7 levels left

rFire    . . .     SeeInvis .   l - +0 whip
rCold    . . .     Gourm    .   (no shield)
rNeg     . . .     Faith    .   h - +2 robe {MR+}
rPois    .         Spirit   +   (no helmet)
rElec    .         Reflect  .   (no cloak)
rCorr    .         Harm     .   (no gloves)
MR       +....                  (no boots)
Stlth    ++........             d - amulet of guardian spirit {Spirit}
HPRegen  0.08/turn              (no ring)
MPRegen  0.10/turn              (no ring)

@: no status effects
A: icy blue scales 1, powered by death 1
a: no special abilities


You were on level 2 of the Dungeon.
You were not hungry.

You visited 1 branch of the dungeon, and saw 3 of its levels.

You collected 130 gold pieces.

Inventory:

Hand Weapons
 l - a +0 whip (weapon)
   (You found it on level 2 of the Dungeon)
Armour
 a - a +0 robe
 h - a +2 robe of magic resistance (worn)
   (You found it on level 2 of the Dungeon)
Jewellery
 d - an amulet of guardian spirit (around neck) {Spirit}
   (You found it on level 1 of the Dungeon)
Scrolls
 e - a scroll of teleportation {unknown}
 f - a scroll of remove curse {unknown}
 g - 5 scrolls of identify {unknown}
 i - a scroll of amnesia {unknown}
 j - 2 scrolls of noise {unknown}
Books
 b - a book of Necromancy
Comestibles
 c - 5 rations


   Skills:
 + Level 1.6 Fighting
 - Level 1.7 Dodging
 - Level 1.7 Stealth
 + Level 2.6 Spellcasting
 + Level 4.9 Necromancy


You had 6 spell levels left.
You knew the following spells:

 Your Spells              Type           Power        Failure   Level  Hunger
a - Pain                  Necr           ###.         3%          1    #......


Dungeon Overview and Level Annotations

Branches:
Dungeon (3/15)

Altars:
Fedhas

Annotations:
D:2 Grinder


Innate Abilities, Weirdness & Mutations

You are partially covered in icy blue scales. (AC +2)
You regenerate a little health from kills.


Message History

Some of the chunks of flesh in your inventory have rotted away.
There is an open door here.
You see here a club.
Found a stone staircase leading up.
All of the chunks of flesh in your inventory have rotted away.
You see here a rapier.
Done exploring.
Done exploring.
You are feeling hungry.
You enter a teleport trap!
The teleport trap disappears.
Your surroundings suddenly seem different.
Done exploring.
There is a stone staircase leading down here.
You climb downwards.
There is a stone staircase leading up here.
A bat comes into view.
Found a stone staircase leading down.
A bat is nearby!
Aim: a bat (resting, chance to defeat MR: 85%)
The bat writhes in agony!
You kill the bat!
You feel your strength returning.
You take 1 damage, and have 25/26 hp.
You now have 5/6 mp.
You see here a bat corpse.
You butcher the bat corpse.
k - a chunk of flesh {@w0@w0} You see here a bat skeleton.
Eating a chunk of flesh {@w0@w0}.
You eat the chunk of flesh {@w0@w0}.
You found a teleport trap!
k - a viscous orange potion Health restored: 26; MP restored: 6 A bat comes into view.
Aim: a bat (chance to defeat MR: 85%)
The bat writhes in agony!
You kill the bat!
You take 1 damage, and have 25/26 hp.
You now have 5/6 mp.
A kobold comes into view. It is wielding a short sword.
Health restored: 26 A kobold is nearby!
You can't see any susceptible monsters within range! (Use Z to cast anyway.)
The kobold shouts!
The kobold throws a stone.
The stone hits you but does no damage.
You see here a stone.
You can't see any susceptible monsters within range! (Use Z to cast anyway.) Unknown command.
An adder comes into view.
Aim: a kobold, wielding a short sword (chance to defeat MR: 85%)
The kobold writhes in agony!
The adder hisses angrily.
A quokka comes into view.
You take 1 damage, and have 25/26 hp.
You now have 4/6 mp.
Aim: a kobold, wielding a short sword (severely wounded, chance to defeat MR: 85%)
The kobold writhes in agony!
You kill the kobold!
You take 1 damage, and have 24/26 hp.
You now have 3/6 mp.
Aim: an adder (chance to defeat MR: 80%)
The adder writhes in agony!
A hobgoblin comes into view. It is wielding a club.
You take 1 damage, and have 23/26 hp.
You now have 2/6 mp.
Aim: an adder (heavily wounded, chance to defeat MR: 80%)
The adder writhes in agony!
The hobgoblin shouts!
You hear a shout!
You take 1 damage, and have 22/26 hp.
You now have 1/6 mp.
Aim: an adder (severely wounded, chance to defeat MR: 80%)
The adder barely resists.
The adder misses you.
You take 1 damage, and have 21/26 hp.
You now have 0/6 mp.
You don't have enough magic to cast that spell.
You don't have enough magic to cast that spell.
Unknown command.
The adder bites you but does no damage.
You see here a stone.
The adder bites you but does no damage.
Aim: an adder (severely wounded, chance to defeat MR: 80%)
The adder barely resists.
The adder misses you.
You take 1 damage, and have 20/26 hp.
You now have 0/6 mp.
Grinder comes into view.
The adder closely misses you. The adder misses you.
The adder closely misses you. The adder closely misses you.
Grinder says, "Mostly I couldn't keep them alive."
Grinder grins, showing sharp teeth.
There is a stone staircase leading up here.
Grinder barely misses you. The adder completely misses you.
You climb upwards.
There is a stone staircase leading down here.
Grinder gestures at you.
You suddenly lose the ability to move!
Grinder hits you but does no damage. Grinder hits you. Grinder hits you!
You writhe in agony.
* * * LOW HITPOINT WARNING * * *
You can move again.
You take 15 damage, and have 7/26 hp.
MASSIVE DAMAGE!!
You now have 0/6 mp.
Okay, then.
It was a potion of cancellation.
You feel magically purged. Grinder hits you!
You die...

.#.#.###...##..#.#.........# #..
.#.#.##.....##.#.#.....[...# #..
.#.#.#.......#.#.#.........# #..
.#.#....._.....#.#........## ##.
...#.#.......#.#....############'
####.##.....##.#.................
.....###...###.#..>..............
.#####.##.##...#.....#...........
.# #.#........@5...#.#######...
.# #.#.#.####..#.#.#...# #... .#
#.#.#.#.<#..#.#)#.########## .#
#.#.#.##.#..#............... .#
#.#.#....#......#.##########
.#####.#.######....#....#########
.......#.........................
######...##......................
#...##.>.....#####.#########


You could see Grinder.

Vanquished Creatures
  2 adders (D:2)
  A worm (D:2)
  A dart slug (D:1)
  7 bats
  3 goblins
  3 hobgoblins
  A frilled lizard (D:1)
  4 kobolds
  2 rats
24 creatures vanquished.

Notes
Turn   | Place    | Note
-------+----------+-------------------------------------------
     0 | D:1      | shakethe the Demonspawn Necromancer began the quest for the Orb.
     0 | D:1      | Reached XP level 1. HP: 13/13 MP: 3/3
   715 | D:1      | Gained mutation: You regenerate a little health from kills. [demonic ancestry]
   715 | D:1      | Reached XP level 2. HP: 19/20 MP: 1/5
   903 | D:2      | Reached skill level 1 in Fighting
   905 | D:2      | HP: 5/21 [poisoned by an adder]
  1083 | D:2      | Gained mutation: You are partially covered in icy blue scales. (AC +2) [demonic ancestry]
  1083 | D:2      | Reached XP level 3. HP: 13/26 MP: 0/6
  1482 | D:2      | Found a blossoming altar of Fedhas.
  2097 | D:3      | Noticed Grinder
  2112 | D:2      | Paralysed by Grinder for 5 turns
  2117 | D:2      | Slain by Grinder

Skill      XL: |  1  2 |
---------------+-------+-----
Fighting       | 1 |  1.6
Dodging        | |  1.7
Stealth        | |  1.7
Spellcasting   | |  2.6
Necromancy     | |  4.9

Action                   || total
-------------------------++-------
Melee: Unarmed           ||     6
 Cast: Pain              ||    50
  Use: Potion            ||     4
  Eat: Ration            ||     1
       Chunk             ||     1
Armor: Robe              ||     7
Dodge: Dodged            ||    19

Vault maps used:
D:1:      minmay_arrival_stone_box
D:2:      lemuel_round_altar, first_ration, lemuel_old_faithful
D:3:      uniq_jessica, uniq_grinder, uniq_sigmund

Table legend:
 A = Turns spent in this place as a percentage of turns spent in the entire game.
 B = Non-inter-level travel turns spent in this place as a percentage of non-inter-level travel turns spent in the entire game.
 C = Inter-level travel turns spent in this place as a percentage of turns spent in this place.
 D = Turns resting spent in this place as a percentage of non-inter-level travel turns spent in this place.
 E = Turns spent auto-exploring this place as a percentage of non-inter-level travel turns spent in this place.
 F = Non-inter-level travel turns spent in this place divided by the number of levels of this place that you've seen.
                   A       B       C       D       E      F
               +-------+-------+-------+-------+-------+----------------------
         Total | 100.0 | 100.0 |   0.9 |  33.1 |  50.8 | 699.0
       Dungeon | 100.0 | 100.0 |   0.9 |  33.1 |  50.8 | 699.0
               +-------+-------+-------+-------+-------+----------------------

Table legend:
 A = Kills in this place as a percentage of kills in entire the game.
 B = Kills by you in this place as a percentage of kills by you in the entire game.
 C = Kills by friends in this place as a percentage of kills by friends in the entire game.
 D = Other kills in this place as a percentage of other kills in the entire game.
 E = Experience gained in this place as a percentage of experience gained in the entire game.
 F = Experience gained in this place divided by the number of levels of this place that you have seen.
                   A       B       C       D       E      F
               +-------+-------+-------+-------+-------+----------------------
         Total | 100.0 | 100.0 |   N/A |   N/A | 100.0 |  22.3
       Dungeon | 100.0 | 100.0 |   N/A |   N/A | 100.0 |  22.3
               +-------+-------+-------+-------+-------+----------------------
